 Dungeon Crawl Stone Soup version 0.31.0-32-g396128a36d (webtiles) character file.

Game seed: 11174712452557538581

65 monsoonserge the Changeling (level 4, -4/29 HPs)
             Began as an Octopode Shapeshifter on Apr 9, 2024.
             Slain by an orc
             ... wielding a +0 flail
              (8 damage)
             ... on level 3 of the Dungeon.
             The game lasted 00:03:33 (1735 turns).

monsoonserge the Changeling (Octopode Shapeshifter) Turns: 1735, Time: 00:03:34

Health: -4/29      AC:  1    Str: 15    XL:     4   Next: 14%
Magic:  4/4        EV: 13    Int: 12    God:
Gold:   121        SH:  0    Dex: 11    Spells: 3/3 levels left

rFire   . .          .
                       - Unarmed
rCold   . . .        (no shield)
rNeg    . . .        (helmet currently unavailable)
rPois   .            (no amulet)
rElec   .            (no ring)
rCorr   .            (no ring)
SInv    .            (no ring)
Will    .....        (no ring)
Stlth   ++           (no ring)
HPRegen 0.24/turn    (no ring)
MPRegen 0.09/turn    (no ring)
                     (no ring)

%: no passive effects
@: beast-form
A: beast (slay +1), almost no armour, amphibious, 8 rings, camouflage 1,
gelatinous body 1, (nimble swimmer 1), tentacles
a: Begin Untransformation


You were on level 3 of the Dungeon.
You were a hulking beast.
You visited 1 branch of the dungeon, and saw 3 of its levels.

You collected 121 gold pieces.

Inventory:

Missiles
 i - 3 boomerangs (quivered)
Talismans
 b - a beast talisman
 c - a flux talisman
 j - a maw talisman
Scrolls
 f - a scroll of poison {unknown}
 g - a scroll of enchant armour {unknown}
 l - a scroll of torment {unknown}
Potions
 a - a potion of lignification
 d - 2 potions of heal wounds {unknown}
 e - a potion of attraction {unknown}
 h - a potion of cancellation {unknown}
 k - a potion of brilliance {unknown}


   Skills:
 * Level 2.0 Fighting
 * Level 2.6 Dodging
 - Level 1.0 Stealth
 + Level 3.4 Unarmed Combat
 * Level 3.4 Shapeshifting


You had 3 spell levels left.
You didn't know any spells.
Your spell library contained the following spells:

 Spells                   Type           Power      Damage    Failure   Level
 Fugue of the Fallen      Necr           0%         N/A       69%         3
 Ozocubu's Armour         Ice            0%         N/A       69%         3
 Manifold Assault         Tloc           0%         N/A       97%         4


Dungeon Overview and Level Annotations

Branches:
Dungeon (3/15)

Altars:


Innate Abilities, Weirdness & Mutations

You are a hulking beast.
Your limbs bulge with bestial killing power. (Slay +1)
You cannot wear most types of armour.
You are amphibious.
You can wear up to eight rings at the same time.
Your skin changes colour to match your surroundings (Stealth+).
Your rubbery body absorbs attacks. (AC +1, EV +1)
((You are camouflaged when in or above water. (Stealth+)))
You have tentacles for arms and can constrict up to eight enemies at once.


Message History

The bat barely misses you. The bat closely misses you.
There is a stone staircase leading up here.
You barely miss the bat. Your grab misses the bat. Your squeeze misses the bat.
The bat is severely wounded.
The bat hits you. The bat barely misses you.
You barely miss the bat. Your grab misses the bat. Your squeeze misses the bat.
The bat is moderately wounded.
The bat misses you. The bat barely misses you. The bat misses you.
You tentacle-slap the bat.
You kill the bat!
No target in view!
You see here a +0 plate armour.
There is a stone staircase leading down here.
You climb downwards.
The orc shouts!
The orc hits you with a +0 mace. The orc closely misses you.
There is a stone staircase leading up, spattered with blood here.
You completely miss the orc. Your grab misses the orc.
Your squeeze misses the orc. The orc hits you but does no damage.
The orc closely misses you.
You tentacle-slap the orc. Your grab misses the orc.
Your squeeze misses the orc.
The orc is lightly wounded.
The orc hits you with a +0 flail. The orc hits you with a +0 mace.
You tentacle-slap the orc but do no damage.
You grab the orc. You tentacle-slap the orc.
The orc is moderately wounded.
You constrict the orc. The orc hits you with a +0 flail!
* * * LOW HITPOINT WARNING * * *
The orc barely misses you.
You tentacle-slap the orc.
You kill the orc!
The orc hits you with a +0 flail.
* * * LOW HITPOINT WARNING * * *
You closely miss the orc. Your grab misses the orc. You closely miss the orc.
Your grab misses the orc. Your squeeze misses the orc.
The orc hits you with a +0 flail!
You die...

## .## ..#
..
###.#####
#.......#
#...ho..#
#..)....#
#......$..#
###.##.:..#
#. #....# .
##...# #
...# ...#


You could see an orc.

Vanquished Creatures
  2 adders (D:2)
  2 orcs (D:3)
  4 endoplasms
  2 giant cockroaches (D:2)
  7 goblins
  2 hobgoblins
  3 jackals (D:1)
  A quokka (D:1)
  3 ball pythons (D:1)
  4 bats
  4 frilled lizards
  6 kobolds
  5 rats
45 creatures vanquished.

Notes
Turn   | Place    | Note
-------+----------+-------------------------------------------
     0 | D:1      | monsoonserge the Octopode Shapeshifter began the quest for
                  | the Orb.
     0 | D:1      | Reached XP level 1. HP: 13/13 MP: 1/1
    26 | D:1      | Reached XP level 2. HP: 18/18 MP: 2/2
   188 | D:1      | Reached skill level 1 in Stealth
   314 | D:1      | Reached XP level 3. HP: 16/23 MP: 3/3
  1133 | D:2      | Reached XP level 4. HP: 29/29 MP: 4/4
  1226 | D:2      | Found a faded altar of an unknown god.
  1735 | D:3      | Slain by an orc

Illustrated notes

Levels and vault maps discovered:
D:1:      roderic_crop_circles_arrival_small, layout_rooms, hex_large
D:2:      layout_basic, hellmonk_ecumenical_altar_inner_sanctum
D:3:      layout_rooms, nzn_wu_jian_council_hall, serial_bayou_ford_a,
          uniq_robin

Skill      XL: |  1  2  3  4 |
---------------+-------------+-----
Stealth        | 1 |  1.0
Fighting       | 2 |  2.0
Dodging        | |  2.6
Unarmed Combat | |  3.4
Shapeshifting  | |  3.4

Action                     |  1- 3 |  4- 6 || total
---------------------------+-------+-------++-------
  Melee: Unarmed           |    64 |    17 ||    81
         Constrict         |    10 |     3 ||    13
         Tentacles         |    10 |     1 ||    11
         Punch             |     2 |     1 ||     3
   Stab: Sleeping          |     6 |     3 ||     9
 Armour: Skin              |    28 |    19 ||    47
  Dodge: Dodged            |    26 |    21 ||    47
